 Dungeon Crawl Stone Soup version 0.20.1-1-g8b1a95d (webtiles) character file.

10430 dmj the Cleaver (level 11, 0/106 HPs)
             Began as a Minotaur Gladiator on July 29, 2017.
             Slain by a manticore (11 damage)
             ... summoned by Kirke
             ... on level 1 of the Elven Halls on July 30, 2017.
             The game lasted 01:54:10 (12275 turns).

dmj the Cleaver (Minotaur Gladiator)               Turns: 12275, Time: 01:54:16

Health: 0/106      AC:  0    Str: 24    XL:     11   Next: 36%
Magic:  11/11      EV: 16    Int:  5    God:    Xom [.*....]
Gold:   873        SH:  0    Dex: 12    Spells: 10/10 levels left

rFire    . . .     SeeInvis .   (weapon currently unavailable)
rCold    . . .     Gourm    .   (shield currently unavailable)
rNeg     . . .     Faith    .   (armour currently unavailable)
rPois    .         Spirit   .   (helmet unavailable)
rElec    .         Reflect  .   (cloak currently unavailable)
rCorr    .         Harm     .   (gloves currently unavailable)
MR       .....     Clarity  +   (boots currently unavailable)
Stlth    +.........             (no amulet)
Regen    0.3/turn               (ring currently unavailable)
MPRegen  0.2/turn               (ring currently unavailable)

@: about to teleport, pig-form, glowing, drained, very quick
A: (retaliatory headbutt), clarity, high mp 1, robust 1, strong 1, wild magic 1
a: Renounce Religion


You were on level 1 of the Elven Halls.
You worshipped Xom.
You were a plaything of Xom.
You were not hungry.
You were a filthy swine.
You visited 3 branches of the dungeon, and saw 12 of its levels.

You collected 873 gold pieces.

Inventory:

Hand Weapons
 a - a +2 war axe (melded)
 e - a +2 rapier of draining
 i - a +2 trident of venom
 n - a +1 dagger of electrocution
 p - a +2 quarterstaff of chaos
 t - a +0 falchion
 C - a +2 dagger of protection
 E - a +0 hunting sling
 L - a +2 whip of flaming
 P - a +0 shortbow
 Q - a +2 flail of venom
 T - a +1 halberd of venom
 U - a +2 hand axe of freezing
 V - a +0 dire flail
 X - a +0 giant spiked club
Missiles
 d - a throwing net (quivered)
 f - 145 arrows
 M - 6 poisoned needles
 W - 15 stones
Armour
 c - a +0 hat
 m - a +0 pair of gloves
 q - a +0 shield (melded)
 r - a +0 cloak (melded)
 u - a +0 pair of boots (melded)
 x - a +0 chain mail
 y - a +3 plate armour (melded)
 N - a scarf of spirit shield
 S - a +0 pair of gloves (melded)
Jewellery
 b - a ring of stealth (melded)
 G - a ring of protection from cold (melded)
 Z - a +4 amulet of reflection {unknown}
Wands
 D - a wand of acid (7/15)
 H - a wand of iceblast (12/15)
Scrolls
 j - 2 scrolls of acquirement {unknown}
 I - 3 scrolls of remove curse
 J - a scroll of teleportation
 R - a scroll of amnesia
Potions
 h - a potion of flight {unknown}
 k - a potion of curing
 l - 2 potions of mutation
 o - a potion of brilliance
 s - a potion of haste
 w - a potion of invisibility
 z - a potion of lignification {unknown}
 B - 4 potions of might {unknown}
 F - a potion of magic
 K - a potion of cancellation {unknown}
Comestibles
 g - 2 fruits
 A - 3 bread rations
 Y - a royal jelly


   Skills:
 + Level 9.4(9.0) Fighting
 + Level 1.6(1.3) Short Blades
 + Level 13.4(12.9) Axes
 + Level 2.0(1.7) Throwing
 + Level 9.8(9.5) Armour
 + Level 4.5(4.2) Dodging
 + Level 2.4(2.0) Stealth
 + Level 8.5(8.2) Shields


You had 10 spell levels left.
You didn't know any spells.

Dungeon Overview and Level Annotations

Branches:
Dungeon (9/15)             Temple (0/1) D:4             Orc (2/2) D:9
    Elf (1/3) Orc:2
   Lair: D:8-11

Altars:
Ashenzari
Cheibriados
Dithmenos
Elyvilon
Gozag
Hepliaklqana
Kikubaaqudgha
Makhleb
Qazlal
Ru
Sif Muna
Xom

Shops:
D:5 }   D:7 %

Annotations:
D:7 2 transporters
Orc:1 Sonja
Elf:1 Kirke


Innate Abilities, Weirdness & Mutations

((You reflexively headbutt those who attack you in melee.))
((You have a pair of large horns on your head.))
((You are partially covered in yellow scales. (AC +2)))
You possess an exceptional clarity of mind.
((Armour fits poorly on your strangely shaped body.))
You have an increased reservoir of magic. (+10% MP)
You are robust. (+10% HP)
Your muscles are strong. (Str +2)
Your spells are a little harder to cast, but a little more powerful.


Message History

* * * LOW HITPOINT WARNING * * *
You hit the manticore.
The manticore is lightly wounded.
None of your equipped items are cursed.
As you read the scroll of teleportation, it crumbles to dust.
You feel strangely unstable. Kirke hits you!
* * * LOW HITPOINT WARNING * * *
The manticore bites you.
* * * LOW HITPOINT WARNING * * *
The manticore claws you!
* * * LOW HITPOINT WARNING * * *
The manticore claws you!
* * * LOW HITPOINT WARNING * * *
You feel better.
Xom's power touches on you for a moment.
You are outlined in light.
You are now a plaything of Xom.
The manticore misses you. The manticore claws you!
You die...
Xom laughs nastily!

..........+
#....
..........+
#....
..........#
#....
..........#
+[... #......#
.##.... #.....#
.##.... #####'#
.##....
##.(######)#
#.###...
..hhhh@hH..#
#.##....
...h#####..#
#.##.... #
#..######.##....
#....)....##....
##.#####..##....
#.# #).##....
#.# #...'....
#.# #.###....
... ...# #.)..


You could see Kirke, a manticore, 5 hogs and a glaive of venom.

Vanquished Creatures
  A deep elf death mage (Elf:1)
  3 two-headed ogres
  The ghost of p0werm0de the Shield-Bearer, a novice DDFi of Makhleb (D:8)
  Pikel (D:4)
  2 deep elf magi (Elf:1)
  An orc sorcerer (Orc:2)
  A spiny frog (shapeshifter) (D:9)
  3 trolls
  Prince Ribbit (D:9)
  2 hippogriffs
  2 hogs (Elf:1)
  Eustachio (D:4)
  A water moccasin (D:9)
  4 orc warriors
  4 ice beasts
  2 phantoms (D:5)
  6 ogres
  2 necrophages
  3 centaurs
  5 bullfrogs
  3 scorpions
  2 bullfrog zombies
  4 crimson imps
  A centaur zombie (D:8)
  5 hounds
  A jelly (D:7)
  A bullfrog skeleton (D:8)
  4 orc wizards
  A centaur skeleton (D:7)
  6 orc priests
  Crazy Yiuf (D:4)
  2 iguanas
  2 worker ants (D:9)
  Natasha (twice) (D:4)
  A killer bee zombie (D:3)
  2 hound skeletons
  9 gnolls
  A howler monkey skeleton (D:4)
  9 adders
  An ooze (D:6)
  An adder skeleton (D:8)
  A worm (D:3)
  A dart slug (D:2)
  6 leopard geckos
  27 orcs
  A ball python (D:2)
  6 bats
  7 giant cockroaches
  8 goblins
  4 hobgoblins
  12 jackals
  4 quokkas
  8 frilled lizards
  A jackal skeleton (D:5)
  8 kobolds
  A quokka skeleton (D:5)
  9 rats
209 creatures vanquished.

Vanquished Creatures (collateral kills)
  A phantom (D:6)
  A centaur (D:7)
  A gnoll sergeant (D:8)
  An orc wizard (D:8)
  A gnoll (D:8)
  5 orcs
10 creatures vanquished.

Vanquished Creatures (others)
  A crimson imp (D:5)
  A worm (D:4)
  A leopard gecko skeleton (D:5)
3 creatures vanquished.

Grand Total: 222 creatures vanquished

Notes
Turn   | Place    | Note
-------+----------+-------------------------------------------
     0 | D:1      | dmj the Minotaur Gladiator began the quest for the Orb.
     0 | D:1      | Reached XP level 1. HP: 18/18 MP: 0/0
   679 | D:1      | Reached skill level 4 in Axes
   679 | D:1      | Reached XP level 2. HP: 12/25 MP: 1/1
  1709 | D:1      | Reached XP level 3. HP: 30/30 MP: 2/2
  2391 | D:2      | Reached skill level 1 in Armour
  2940 | D:2      | Reached XP level 4. HP: 37/37 MP: 3/3
  3043 | D:2      | Reached skill level 1 in Short Blades
  3181 | D:2      | Found a white marble altar of Elyvilon.
  3345 | D:2      | Found a faded altar of an unknown god.
  3665 | D:3      | Reached XP level 5. HP: 16/45 MP: 4/4
  4075 | D:3      | Reached skill level 5 in Axes
  4132 | D:3      | Found a shadowy altar of Dithmenos.
  4455 | D:3      | Reached skill level 1 in Shields
  4506 | D:4      | Found a shimmering altar of Xom.
  4509 | D:4      | Became a worshipper of Xom of Chaos
  4591 | D:4      | Found a staircase to the Ecumenical Temple.
  4606 | D:4      | Noticed a slave
  4606 | D:4      | Noticed a slave
  4608 | D:4      | Noticed Pikel
  4612 | D:4      | XOM: potion effect (invisibility)
  4635 | D:4      | Killed Pikel
  4635 | D:4      | Reached skill level 7 in Axes
  4635 | D:4      | Reached skill level 1 in Stealth
  4635 | D:4      | Reached XP level 6. HP: 33/52 MP: 5/5
  4635 | D:4      | Reached XP level 7. HP: 37/59 MP: 6/6
  4776 | D:4      | XOM is BORED!
  4776 | D:4      | XOM: silly message
  4933 | D:4      | Found a sacrificial altar of Ru.
  5013 | D:4      | Noticed Eustachio
  5030 | D:4      | XOM: harmless Fire miscast
  5033 | D:4      | Killed Eustachio
  5047 | D:4      | XOM: enchant monster (good)
  5181 | D:4      | Noticed Natasha
  5186 | D:4      | Killed Natasha
  5186 | D:4      | Reached XP level 8. HP: 67/67 MP: 7/7
  5296 | D:4      | Found a runed door.
  5300 | D:4      | Noticed Crazy Yiuf
  5311 | D:4      | Killed Crazy Yiuf
  5311 | D:4      | Reached skill level 8 in Axes
  5394 | D:4      | Noticed Natasha
  5401 | D:4      | Killed Natasha
  5466 | D:4      | XOM: cloud trail
  5490 | D:5      | Entered Level 5 of the Dungeon
  5534 | D:5      | XOM: fog
  5570 | D:5      | Reached skill level 5 in Armour
  5869 | D:5      | XOM: give mutations
  5869 | D:5      | Gained mutation: You have an increased reservoir of magic. (+10% MP) [Xom's grace]
  5869 | D:5      | Gained mutation: You have large cloven feet. [Xom's grace]
  5874 | D:5      | XOM: mild Erth miscast
  6033 | D:5      | XOM: cloud trail
  6138 | D:5      | Reached skill level 5 in Fighting
  6351 | D:5      | Found Ypnop's Gadget Shoppe.
  6527 | D:5      | XOM: confuse monster(s)
  6746 | D:5      | Found a stormy altar of Qazlal.
  6871 | D:6      | XOM: medium Ice miscast
  6956 | D:6      | Reached skill level 9 in Axes
  6990 | D:6      | XOM: summons friendly iron imp
  7005 | D:6      | Reached skill level 5 in Shields
  7118 | D:6      | XOM: summons friendly iron imp
  7193 | D:6      | Reached XP level 9. HP: 38/75 MP: 8/8
  7197 | D:6      | Lost mutation: You have large cloven feet. [potion of mutation]
  7197 | D:6      | Gained mutation: Your muscles are strong. (Str +2) [potion of mutation]
  7197 | D:6      | Gained mutation: You are partially covered in yellow scales. (AC +2) [potion of mutation]
  7659 | D:7      | Found a transporter.
  7664 | D:7      | Noticed a kobold demonologist
  7679 | D:7      | Noticed a deep elf knight
  7711 | D:7      | Found a transporter.
  7800 | D:7      | XOM: summons friendly white imp
  7802 | D:7      | XOM: confuse monster(s)
  7814 | D:7      | Reached skill level 10 in Axes
  7918 | D:7      | Found Qaibut's Food Shoppe.
  7974 | D:7      | Noticed Prince Ribbit
  8028 | D:7      | Found a deep blue altar of Sif Muna.
  8172 | D:8      | Noticed a two-headed ogre
  8182 | D:8      | Killed a two-headed ogre
  8182 | D:8      | Reached skill level 11 in Axes
  8215 | D:8      | Noticed p0werm0de's ghost (novice DDFi)
  8240 | D:8      | XOM: potion effect (heal wounds)
  8287 | D:8      | XOM: enchant monster (good)
  8440 | D:8      | Killed p0werm0de's ghost
  8440 | D:8      | Reached XP level 10. HP: 56/86 MP: 10/10
  8451 | D:8      | XOM: fog
  8714 | D:8      | XOM: god gift: scroll of enchant armour
  9148 | D:8      | XOM: give mutations
  9148 | D:8      | Gained mutation: Your spells are a little harder to cast, but a little more powerful. [Xom's mischief]
  9148 | D:8      | Gained mutation: Armour fits poorly on your strangely shaped body. [Xom's mischief]
  9256 | D:9      | Noticed a two-headed ogre
  9262 | D:9      | Killed a two-headed ogre
  9262 | D:9      | Reached skill level 12 in Axes
  9349 | D:9      | Found a staircase to the Orcish Mines.
  9374 | Orc:1    | Entered Level 1 of the Orcish Mines
  9406 | Orc:1    | XOM: divination: magic mapping
  9410 | Orc:1    | XOM: potion effect (agility)
  9669 | D:9      | XOM: god gift: 15 stones
  9682 | D:9      | XOM: confuse monster(s)
  9743 | D:9      | Found a stormy altar of Qazlal.
  9753 | D:9      | Found a shattered altar of Ashenzari.
  9754 | D:9      | Found a hazy altar of Hepliaklqana.
  9758 | D:9      | Found a snail-covered altar of Cheibriados.
  9791 | D:9      | Found a burning altar of Makhleb.
  9848 | D:9      | Found an ancient bone altar of Kikubaaqudgha.
  9944 | D:9      | XOM: polymorph bullfrog -> wolf
  9945 | D:9      | Noticed a spiny frog
  9945 | D:9      | a wolf changed into a spiny frog
  9948 | D:9      | XOM: cast spell 'Olgreb's Toxic Radiance'
  9959 | D:9      | Killed a spiny frog
  9967 | D:9      | Killed Prince Ribbit
 10063 | D:9      | XOM: noise
 10091 | D:9      | XOM: give mutations
 10091 | D:9      | Gained mutation: You possess an exceptional clarity of mind. [Xom's grace]
 10091 | D:9      | Gained mutation: You are robust. (+10% HP) [Xom's grace]
 10091 | D:9      | Gained mutation: You have a pair of large horns on your head. [Xom's grace]
 10185 | D:9      | Found an opulent altar of Gozag.
 10186 | D:9      | Noticed a two-headed ogre
 10189 | D:9      | XOM: polymorph orc -> leopard gecko
 10195 | D:9      | Killed a two-headed ogre
 10341 | D:9      | XOM: god gift: 17 gold pieces
 10403 | Orc:1    | XOM: confuse monster(s)
 10428 | Orc:1    | XOM: medium Tloc miscast
 10574 | Orc:1    | XOM: harmless Ice miscast
 10577 | Orc:2    | Entered Level 2 of the Orcish Mines
 10577 | Orc:2    | Noticed Sonja
 10579 | Orc:2    | Paralysed by Sonja for 5 turns
 10580 | Orc:2    | XOM: potion effect (haste)
 10622 | Orc:1    | Reached XP level 11. HP: 27/104 MP: 11/11
 11034 | Orc:1    | XOM: god gift: 18 gold pieces
 11284 | Orc:2    | Found a staircase to the Elven Halls.
 11302 | Orc:2    | Noticed an orc sorcerer
 11307 | Orc:2    | XOM: potion effect (haste)
 11319 | Orc:2    | XOM: silly message
 11335 | Orc:2    | XOM: divination: detect items
 11350 | Orc:2    | Killed an orc sorcerer
 11350 | Orc:2    | Reached skill level 13 in Axes
 11608 | Orc:2    | XOM: cloud trail
 11633 | Elf:1    | Entered Level 1 of the Elven Halls
 11633 | Elf:1    | Noticed a deep elf mage
 11633 | Elf:1    | Noticed a deep elf mage
 11633 | Elf:1    | Noticed a deep elf mage
 11633 | Elf:1    | Noticed a deep elf mage
 12004 | Elf:1    | Noticed a deep elf mage
 12008 | Elf:1    | XOM: cast spell 'Summon Small Mammal'
 12009 | Elf:1    | XOM: silly message
 12014 | Elf:1    | Killed a deep elf mage
 12032 | Elf:1    | Noticed a deep elf death mage
 12038 | Elf:1    | XOM: blink monster(s)
 12046 | Elf:1    | Noticed a deep elf mage
 12048 | Elf:1    | Killed a deep elf death mage
 12050 | Elf:1    | XOM: potion effect (heal wounds)
 12051 | Elf:1    | XOM: noise
 12056 | Elf:1    | Killed a ghostly deep elf death mage
 12067 | Elf:1    | Killed a deep elf mage
 12242 | Elf:1    | Noticed Kirke
 12242 | Elf:1    | XOM: cast spell 'Call Canine Familiar'
 12246 | Elf:1    | Noticed a glaive of venom
 12247 | Elf:1    | XOM: mild Pois miscast
 12258 | Elf:1    | XOM: mild Air miscast
 12269 | Elf:1    | XOM: mild Erth miscast
 12270 | Elf:1    | XOM: severe Hex miscast
 12274 | Elf:1    | HP: 2/106 [manticore[Kirke] (7)]
 12275 | Elf:1    | XOM: mild Chrm miscast
 12275 | Elf:1    | Slain by a manticore

Skill      XL: |  1  2  3  4  5  6  7  8  9 10 11 |
---------------+----------------------------------+-----
Axes           | 4 7 9 11 12 13 | 13.4
Armour         | 1 2 4 6 7 9 |  9.8
Dodging        | 4 |  4.5
Fighting       | 3 4 5 7 8 9 |  9.4
Short Blades   | 1 |  1.6
Shields        | 3 5 6 7 8 |  8.5
Stealth        | 1 2 |  2.4
Throwing       | |  2.0

Action                   |  1- 3 |  4- 6 |  7- 9 | 10-12 || total
-------------------------+-------+-------+-------+-------++-------
Melee: War axe           |    34 |   100 |   323 |   195 ||   652
       Headbutt          |     8 |    22 |    71 |    49 ||   150
       Dagger            |    52 |       |       |       ||    52
       Unarmed           |       |       |       |    11 ||    11
Throw: Throwing net      |       |     2 |       |       ||     2
  Use: Scroll            |     7 |     4 |     8 |     7 ||    26
       Potion            |       |       |     6 |     3 ||     9
 Stab: Invisible         |       |     3 |       |     1 ||     4
       Confused          |       |       |     1 |     2 ||     3
       Paralysed         |       |       |     1 |       ||     1
  Eat: Chunk             |     2 |     1 |       |       ||     3
       Bread ration      |     1 |       |     1 |     1 ||     3
       Meat ration       |       |     1 |     1 |     2 ||     4
       Fruit             |       |       |     3 |     1 ||     4
Armor: Leather armour    |     7 |       |       |       ||     7
       Plate armour      |    43 |    60 |   193 |    94 ||   390
       Chain mail        |     8 |       |       |       ||     8
Dodge: Dodged            |    46 |    17 |    59 |    63 ||   185
Block: Shield            |     3 |    35 |   170 |   116 ||   324
